 Dungeon Crawl Stone Soup version 0.27.1-33-g824d729ab1 (webtiles) character file.

Game seed: 9746633354024302667

120 MisterFreud the Jinx (level 5, 0/37 HPs)
             Began as a Gnoll Wanderer on Dec 1, 2021.
             Was a Follower of Uskayaw.
             Slain by an orc (6 damage)
             ... on level 2 of the Dungeon.
             The game lasted 00:05:38 (3712 turns).

MisterFreud the Jinx (Gnoll Wanderer)               Turns: 3712, Time: 00:05:38

Health: 0/37       AC:  4    Str: 11    XL:     5   Next: 4%
Magic:  3/9        EV: 11    Int: 14    God:    Uskayaw [*.....]
Gold:   99         SH:  0    Dex: 10    Spells: 9/10 levels left

rFire    . . .     SeeInvis .   c - +0 dagger
rCold    . . .     Faith    .   (no shield)
rNeg     . . .     Spirit   .   b - +0 robe
rPois    .         Reflect  .   (no helmet)
rElec    .         Harm     .   f - +1 cloak
rCorr    .         Rampage  .   (no gloves)
Will     .....                  (no boots)
Stlth    ++........             (no amulet)
HPRegen  0.12/turn              (no ring)
MPRegen  0.11/turn              (no ring)

@: no status effects
A: fangs 1, strong nose, distributed training
a: Renounce Religion, Stomp


You were on level 2 of the Dungeon.
You worshipped Uskayaw.
Uskayaw was noncommittal.
You visited 1 branch of the dungeon, and saw 3 of its levels.

You collected 99 gold pieces.

Inventory:

Hand Weapons
 a - a +0 club
 c - a +0 dagger (weapon)
Armour
 b - a +0 robe (worn)
 f - a +1 cloak (worn)
Scrolls
 g - a scroll of immolation {unknown}
 i - a scroll of identify {unknown}
Potions
 d - a potion of degeneration {unknown}
 e - a potion of might {unknown}
 h - 2 potions of brilliance {unknown}


   Skills:
 + Level 1.3 Fighting
 + Level 1.3 Short Blades
 + Level 1.3 Long Blades
 + Level 1.3 Axes
 + Level 1.3 Maces & Flails
 + Level 1.3 Polearms
 + Level 1.3 Staves
 + Level 1.3 Slings
 + Level 1.3 Bows
 + Level 1.3 Crossbows
 + Level 1.3 Throwing
 + Level 1.3 Armour
 + Level 1.3 Dodging
 + Level 4.3 Stealth
 + Level 1.3 Shields
 + Level 1.3 Unarmed Combat
 + Level 3.1 Spellcasting
 + Level 1.0 Conjurations
 + Level 8.8 Hexes
 + Level 1.0 Summonings
 + Level 1.0 Necromancy
 + Level 1.0 Translocations
 + Level 1.0 Transmutations
 + Level 2.3 Fire Magic
 + Level 1.0 Ice Magic
 + Level 1.0 Air Magic
 + Level 2.3 Earth Magic
 + Level 1.0 Poison Magic
 + Level 1.4 Invocations
 + Level 1.3 Evocations


You had 9 spell levels left.
You knew the following spells:

 Your Spells              Type           Power      Damage    Failure   Level
a - Foxfire               Conj/Fire      24%        2x1d5     11%         1

Your spell library contained the following spells:

 Spells                   Type           Power      Damage    Failure   Level
 Inner Flame              Hex/Fire       17%        N/A       6%          3
 Searing Ray              Conj           10%        3d3       21%         2
 Static Discharge         Conj/Air       5%         N/A       21%         2
 Conjure Flame            Conj/Fire      6%         6-21      32%         3
 Sticky Flame             Conj/Fire      6%         2d3       71%         4
 Fireball                 Conj/Fire      3%         3d4       96%         5


Dungeon Overview and Level Annotations

Branches:
Dungeon (3/15)

Altars:
Uskayaw

Shops:
D:2 [


Innate Abilities, Weirdness & Mutations

You have very sharp teeth.
Your uncanny sense of smell can sniff out nearby items.
Your experience applies equally to all skills.


Message History

You kill the orc wizard!
The orc is no longer paralysed. x3; The dart slug is no longer paralysed.
The dart slug launches a dart at you. The slug dart hits you.
You have reached level 5!
Your foxfire dissipates!
Found 16 gold pieces.
You see here 12 gold pieces.
Found a stone staircase leading down.
You can no longer pass through a line of other dancers.
Casting: Foxfire (safe; 11% risk of failure)
Confirm with . or Enter, or press ? or * to list all spells.
You miscast Foxfire.
You are very lightly contaminated with residual magic.
Nothing appears to happen.
You hit the orc but do no damage.
Casting: Foxfire (safe; 11% risk of failure)
Confirm with . or Enter, or press ? or * to list all spells.
You conjure some foxfire!
The orc barely misses you.
You hit the orc but do no damage.
The foxfire hits the orc but does no damage.
The foxfire hits the orc.
The orc is severely wounded.
The orc hits you with a +0 flail!
* * * LOW HITPOINT WARNING * * *
The orc hits you with a +0 flail.
* * * LOW HITPOINT WARNING * * *
Your magical contamination has completely faded away.
You closely miss the orc.
The orc is severely wounded.
The orc barely misses you.
You closely miss the orc.
The orc is heavily wounded.
The orc misses you.
There is a stone staircase leading up here.
The orc closely misses you.
You climb upwards.
There is a stone staircase leading down here.
The orc hits you with a +0 flail.
You die...

####### #.....#
####.###.#
.......#.#########
####.#.........o>#
.###.....#######@#
........## #.#
........# #.#
######..# #.# #
##..# #.# # #...#
#.# # #..## #.# #
###..# #.# #
#....# ##.##


You could see an orc.

Vanquished Creatures
  An orc wizard (D:3)
  5 adders
  2 worms (D:2)
  An orc (D:3)
  4 bats
  4 endoplasms
  3 giant cockroaches
  2 goblins (D:1)
  6 hobgoblins
  4 ball pythons
  3 frilled lizards
  4 kobolds
  6 rats
45 creatures vanquished.

Vanquished Creatures (others)
  143 foxfires
143 creatures vanquished.

Grand Total: 188 creatures vanquished

Notes
Turn   | Place    | Note
-------+----------+-------------------------------------------
     0 | D:1      | MisterFreud the Gnoll Wanderer began the quest for the Orb.
     0 | D:1      | MisterFreud set off with the following items: a +0 club, a
                  | +0 robe, a +0 dagger; and the following spell memorised:
                  | Foxfire; and the following spells available to memorise:
                  | Inner Flame, Searing Ray, Static Discharge, Conjure Flame,
                  | Sticky Flame, Fireball
     0 | D:1      | Reached XP level 1. HP: 13/13 MP: 4/4
   624 | D:1      | Reached XP level 2. HP: 17/19 MP: 0/5
  1697 | D:2      | Reached XP level 3. HP: 25/25 MP: 5/7
  1809 | D:2      | Reached skill level 1 in Invocations
  2031 | D:2      | Reached skill level 1 in Fighting
  2031 | D:2      | Reached skill level 1 in Short Blades
  2031 | D:2      | Reached skill level 1 in Long Blades
  2031 | D:2      | Reached skill level 1 in Axes
  2031 | D:2      | Reached skill level 1 in Maces & Flails
  2031 | D:2      | Reached skill level 1 in Polearms
  2031 | D:2      | Reached skill level 1 in Staves
  2031 | D:2      | Reached skill level 1 in Slings
  2031 | D:2      | Reached skill level 1 in Bows
  2031 | D:2      | Reached skill level 1 in Crossbows
  2031 | D:2      | Reached skill level 1 in Throwing
  2031 | D:2      | Reached skill level 1 in Armour
  2031 | D:2      | Reached skill level 1 in Dodging
  2031 | D:2      | Reached skill level 1 in Shields
  2031 | D:2      | Reached skill level 1 in Unarmed Combat
  2031 | D:2      | Reached skill level 1 in Evocations
  2218 | D:2      | Found Byros's Armour Shop.
  2581 | D:2      | Reached XP level 4. HP: 14/32 MP: 3/8
  3257 | D:2      | Found a faded altar of an unknown god.
  3300 | D:2      | Became a worshipper of Uskayaw the Reveller
  3300 | D:2      | Reached * piety under Uskayaw
  3501 | D:3      | Reached ** piety under Uskayaw
  3502 | D:3      | Reached skill level 1 in Conjurations
  3502 | D:3      | Reached skill level 1 in Summonings
  3502 | D:3      | Reached skill level 1 in Necromancy
  3502 | D:3      | Reached skill level 1 in Translocations
  3502 | D:3      | Reached skill level 1 in Transmutations
  3502 | D:3      | Reached skill level 1 in Ice Magic
  3502 | D:3      | Reached skill level 1 in Air Magic
  3502 | D:3      | Reached skill level 1 in Poison Magic
  3682 | D:3      | Reached *** piety under Uskayaw
  3684 | D:3      | Reached XP level 5. HP: 13/37 MP: 2/9
  3712 | D:2      | Slain by an orc

Illustrated notes

Levels and vault maps discovered:
D:1:      lemuel_arrival_behind_the_door_large, layout_loops_corners,
          serial_glass, glass_columns_a, glass_columns_c
D:2:      layout_loops_ring, serial_shops, nicolae_shop_stone,
          hellmonk_ecumenical_altar_lost_god, st_stairs_6,
          kennysheep_big_empty_room, minmay_misc_feat_tiny
D:3:      layout_loops_ring, nicolae_hepliaklqana_monster_ancestors,
          kennysheep_generic_room_9

Skill      XL: |  1  2  3  4 |
---------------+-------------+-----
Fire Magic     | 2 |  2.3
Earth Magic    | 2 |  2.3
Invocations    | 1 |  1.4
Fighting       | 1 |  1.3
Short Blades   | 1 |  1.3
Long Blades    | 1 |  1.3
Axes           | 1 |  1.3
Maces & Flails | 1 |  1.3
Polearms       | 1 |  1.3
Staves         | 1 |  1.3
Slings         | 1 |  1.3
Bows           | 1 |  1.3
Crossbows      | 1 |  1.3
Throwing       | 1 |  1.3
Armour         | 1 |  1.3
Dodging        | 1 |  1.3
Shields        | 1 |  1.3
Unarmed Combat | 1 |  1.3
Evocations     | 1 |  1.3
Spellcasting   | 3 |  3.1
Conjurations   | 1 |  1.0
Summonings     | 1 |  1.0
Necromancy     | 1 |  1.0
Translocations | 1 |  1.0
Transmutations | 1 |  1.0
Ice Magic      | 1 |  1.0
Air Magic      | 1 |  1.0
Poison Magic   | 1 |  1.0
Stealth        | |  4.3
Hexes          | |  8.8

Action                   |  1- 3 |  4- 6 || total
-------------------------+-------+-------++-------
Melee: Dagger            |    49 |    18 ||    67
       Club              |     1 |       ||     1
       Bite              |     3 |     2 ||     5
 Cast: Foxfire           |    61 |    22 ||    83
 Stab: Sleeping          |     3 |     1 ||     4
       Paralysed         |       |     1 ||     1
Armor: Robe              |    16 |     8 ||    24
Dodge: Dodged            |    42 |    11 ||    53
